 Dungeon Crawl Stone Soup version 0.27-a0-1193-g8631133539 (webtiles) character file.

Game seed: 17850572716960790304

41112 robertstho the Fighter (level 13, -6/186 HPs)
             Began as a Red Draconian Berserker on May 26, 2021.
             Was a High Priest of Trog.
             Killed from afar by an oklob plant (11 damage)
             ... with a splash of acid
             ... on level 5 of the Lair of Beasts.
             The game lasted 00:27:29 (23811 turns).

robertstho the Fighter (Red Draconian Berserker)   Turns: 23811, Time: 00:27:30

Health: -6/186     AC:  0    Str: 24    XL:     13   Next: 78%
Magic:  13/13      EV: 18    Int: 11    God:    Trog [*****.]
Gold:   1318       SH: 16    Dex: 18    Spells: 12/12 levels left

rFire    . . .     SeeInvis +   Q - +7 demon trident (flame)
rCold    . . .     Faith    .   F - +0 kite shield
rNeg     . . .     Spirit   .   (armour unavailable)
rPois    +         Reflect  +   N - +1 hat {SInv}
rElec    .         Harm     .   n - +0 cloak
rCorr    .         Rampage  .   x - +0 pair of gloves
Will     .....                  B - +0 pair of boots
Stlth    ..........             o - amulet of reflection
HPRegen  0.41/turn              O - ring of the Sun {rPois rF- Int+2 Dex+2 Slay+4}
MPRegen  0.13/turn              D - +6 ring of dexterity

@: berserking (expiring), corroded, very quick
A: breathe fire, AC +8, unfitting armour, fire resistance 1, cold-blooded
a: Breathe Fire, Renounce Religion, Berserk, Trog's Hand, Brothers in Arms


You were on level 5 of the Lair of Beasts.
You worshipped Trog.
Trog was extremely pleased with you.
You visited 2 branches of the dungeon, and saw 17 of its levels.

You collected 1318 gold pieces.

Inventory:

Hand Weapons
 Q - a +7 demon trident of flaming (weapon)
Missiles
 y - a curare-tipped dart
 K - 4 throwing nets
Armour
 n - a +0 cloak (worn)
 x - a +0 pair of gloves (worn)
 B - a +0 pair of boots (worn)
 F - a +0 kite shield (worn)
 N - a +1 hat of see invisible (worn)
Jewellery
 o - an amulet of reflection (around neck)
 D - a +6 ring of dexterity (right hand)
 O - the ring of the Sun (left hand) {rPois rF- Int+2 Dex+2 Slay+4}
   (You found it on level 2 of the Lair of Beasts)

   [ring of slaying]

   It affects your intelligence (+2).
   It affects your dexterity (+2).
   It affects your accuracy and damage with ranged weapons and melee attacks
   (+4).
   It makes you vulnerable to fire.
   It protects you from poison.
Wands
 C - a wand of mindburst (14)
 H - a wand of digging (4)
Scrolls
 a - a scroll of magic mapping {unknown}
 b - 4 scrolls of enchant weapon {unknown}
 f - 7 scrolls of vulnerability
 l - 2 scrolls of immolation
 m - 2 scrolls of enchant armour {unknown}
 p - 3 scrolls of teleportation
 u - 2 scrolls of fog {unknown}
 A - 3 scrolls of brand weapon
 G - a scroll of acquirement {unknown}
 I - a scroll of blinking
Potions
 c - a potion of heal wounds
 d - 11 potions of curing {unknown}
 e - 2 potions of brilliance {unknown}
 g - 4 potions of attraction {unknown}
 h - 2 potions of mutation {unknown}
 j - a potion of might
 k - 2 potions of lignification
 q - 7 potions of haste
 t - a potion of ambrosia
 v - 3 potions of flight
 z - 3 potions of resistance
 M - a potion of berserk rage {unknown}
 R - a potion of cancellation


   Skills:
 * Level 14.3 Fighting
 + Level 13.4 Polearms
 * Level 12.0 Dodging
 + Level 6.3 Stealth
 + Level 5.1 Shields


You had 12 spell levels left.
You didn't know any spells.
Your spell library was empty.

Dungeon Overview and Level Annotations

Branches:
Dungeon (12/15)            Temple (0/1) D:4            Lair (5/6) D:9
 Shoals (0/4) Lair:2       Spider (0/4) Lair:2        Slime (0/5) Lair:5
    Orc (0/2) D:9

Altars:
Ashenzari
Cheibriados
Elyvilon
Fedhas
Makhleb
Qazlal
Trog
Vehumet
Xom
Yredelemnul
Zin

Portals:
Trove: D:10 (give 6 scrolls of fear)

Annotations:
D:12 2 transporters, freelancePsychic's ghost, journeyman GrBe
Lair:5 exclusion: 2 oklob plants


Innate Abilities, Weirdness & Mutations

You can breathe blasts of fire.
Your fiery red scales are hard. (AC +8)
You cannot fit into any form of body armour.
Your flesh is heat resistant. (rF+)
You are cold-blooded and may be slowed by cold attacks.


Message History

You impale the oklob plant!! You burn the oklob plant.
The oklob plant is severely damaged.
You impale the oklob plant!! You burn the oklob plant.
You destroy the oklob plant!
Trog accepts your kill. The oklob plant spits acid at you.
The splash of acid misses you. The oklob plant spits acid at you.
The splash of acid hits you! The acid corrodes you!
You are splashed with acid!
The oklob plant spits acid at you. The splash of acid hits you!
* * * LOW HITPOINT WARNING * * *
You are splashed with acid!!
* * * LOW HITPOINT WARNING * * *
You impale the oklob plant!! You burn the oklob plant.
The oklob plant is severely damaged.
You hit the oklob plant but do no damage.
You tail-slap the oklob plant.
The oklob plant is severely damaged.
The oklob plant spits acid at you. The splash of acid misses you.
You impale the oklob plant!! You burn the oklob plant.
You destroy the oklob plant!
Trog accepts your kill.
You hit the oklob plant but do no damage.
You puncture the oklob plant! You burn the oklob plant.
You tail-slap the oklob plant, but do no damage.
The oklob plant is moderately damaged.
The oklob plant spits acid at you. The splash of acid hits you!
* * * LOW HITPOINT WARNING * * *
The acid corrodes you!
You are splashed with acid!
* * * LOW HITPOINT WARNING * * *
You impale the oklob plant!! You burn the oklob plant.
The oklob plant is severely damaged.
You hit the oklob plant. You burn the oklob plant.
The oklob plant is severely damaged.
The oklob plant spits acid at you. The splash of acid hits you!
You die...

###########
##.........###
##............###
#....#..........#
#.....###.....P.##
##.....####.@P>..#
##### #.....##
###...## ###..#.
#......### ####
#......
###......##
###......
##......##
##........
#.#.....#
#.........
#####P..#
##...##### ##..#
#######.#.##.#
#.#####.#.#
##..##..


You could see 2 oklob plants.

Vanquished Creatures
  Gastronok (Lair:1)
  4 hydras
  Harold (Lair:1)
  A boulder beetle (D:12)
  2 two-headed ogres
  Pikel (D:4)
  A manticore (Lair:2)
  An ugly thing (D:12)
  3 oklob plants
  2 cyclopes
  3 elephants (Lair:4)
  3 black mambas
  2 torpor snails
  2 rime drakes
  13 cane toads
  2 gargoyles (D:12)
  5 komodo dragons
  2 guardian mummies (D:10)
  An efreet (D:11)
  A wind drake (Lair:2)
  3 trolls
  3 polar bears
  3 dream sheep (Lair:4)
  5 blink frogs
  7 spriggans (Lair:1)
  2 shadows
  A wraith (D:10)
  Sigmund (D:6)
  4 water elementals (D:10)
  5 basilisks
  5 wyverns
  13 vampire mosquitoes (D:12)
  21 yaks
  Edmund (D:4)
  Duvessa (D:4)
  12 water moccasins
  A sky beast (D:8)
  10 orc warriors
  2 necrophages
  An ice beast (D:7)
  10 ogres
  5 black bears
  20 wolves
  A hornet zombie (D:8)
  4 centaurs
  A phantom (D:5)
  2 lemures (D:3)
  5 kobold brigands
  5 bullfrogs
  3 gnoll sergeants (D:9)
  A water moccasin zombie (D:7)
  Dowan (D:4)
  2 scorpions
  2 water moccasin skeletons
  11 killer bees
  3 wights (D:8)
  6 electric eels
  4 howler monkeys
  3 centaur zombies
  7 hounds
  5 orc priests
  A jelly (D:8)
  A bullfrog skeleton (D:4)
  Crazy Yiuf (D:3)
  6 iguanas
  19 orc wizards
  12 gnolls
  2 howler monkey skeletons
  6 adders
  3 white imps
  3 adder skeletons (D:4)
  2 dart slugs (D:3)
  38 orcs
  7 bats
  14 endoplasms
  2 giant cockroaches
  6 hobgoblins
  10 jackals
  5 quokkas
  9 ball pythons
  6 frilled lizards (D:1)
  6 goblins
  16 kobolds
  5 rats
433 creatures vanquished.

Vanquished Creatures (collateral kills)
  3 cane toads (Lair:3)
  3 yaks (D:12)
  A water moccasin (Lair:3)
  An ogre (D:9)
  An orc (D:12)
9 creatures vanquished.

Vanquished Creatures (others)
  An orc wizard (D:5)
  6 fungi
  40 plants
47 creatures vanquished.

Grand Total: 489 creatures vanquished

Notes
Turn   | Place    | Note
-------+----------+-------------------------------------------
     0 | D:1      | robertstho the Draconian Berserker began the quest for the
                  | Orb.
     0 | D:1      | Reached XP level 1. HP: 19/19 MP: 1/1
   134 | D:1      | Found a faded altar of an unknown god.
   157 | D:1      | Reached XP level 2. HP: 26/26 MP: 2/2
   267 | D:1      | Reached ** piety under Trog
   633 | D:1      | Reached XP level 3. HP: 33/33 MP: 3/3
  1020 | D:1      | Reached skill level 4 in Fighting
  1232 | D:2      | Reached XP level 4. HP: 40/40 MP: 4/4
  1655 | D:2      | Reached *** piety under Trog
  1688 | D:2      | Found a stormy altar of Qazlal.
  1872 | D:3      | Found a runed translucent door.
  1873 | D:3      | Noticed Crazy Yiuf
  2214 | D:3      | Reached XP level 5. HP: 35/47 MP: 5/5
  2710 | D:3      | Found a broken altar of Ashenzari.
  2880 | D:3      | Killed Crazy Yiuf
  2881 | D:3      | Reached skill level 1 in Stealth
  2956 | D:4      | Noticed Duvessa
  2956 | D:4      | Noticed Pikel
  2956 | D:4      | Noticed a lemure
  2956 | D:4      | Noticed a lemure
  2956 | D:4      | Noticed a lemure
  2956 | D:4      | Noticed a lemure
  2957 | D:4      | Noticed Dowan
  2963 | D:3      | Killed a lemure
  2973 | D:3      | Killed a lemure
  3006 | D:4      | Noticed a black bear
  3012 | D:4      | Killed a black bear
  3013 | D:4      | Reached skill level 5 in Fighting
  3013 | D:4      | Reached XP level 6. HP: 56/56 MP: 6/6
  3385 | D:4      | Reached skill level 5 in Polearms
  3570 | D:4      | Killed Duvessa
  3571 | D:4      | Your scales start taking on a fiery red colour.
  3571 | D:4      | Reached XP level 7. HP: 62/62 MP: 7/7
  3571 | D:4      | Gained mutation: Your flesh is heat resistant. (rF+) [Red
                  | Draconian growth]
  3576 | D:4      | Killed Dowan
  3595 | D:4      | Killed Pikel
  3596 | D:4      | Reached skill level 6 in Fighting
  3596 | D:4      | Reached skill level 5 in Dodging
  3596 | D:4      | Reached skill level 1 in Shields
  3596 | D:4      | Reached XP level 8. HP: 35/71 MP: 8/8
  3749 | D:4      | Found a staircase to the Ecumenical Temple.
  3785 | D:4      | Found a snail-covered altar of Cheibriados.
  4276 | D:4      | You fall into a shaft and drop 2 floors!
  4311 | D:5      | Entered Level 5 of the Dungeon
  4440 | D:5      | Reached skill level 7 in Fighting
  4927 | D:5      | Reached **** piety under Trog
  5542 | D:4      | Noticed Edmund
  5552 | D:4      | Killed Edmund
  5553 | D:4      | Reached XP level 9. HP: 81/81 MP: 9/9
  5864 | D:5      | Found a bloodstained altar of Trog.
  5953 | D:5      | Reached skill level 8 in Fighting
  7085 | D:6      | Noticed Sigmund
  7109 | D:6      | Killed Sigmund
  7740 | D:7      | Reached skill level 9 in Fighting
  8638 | D:8      | Reached XP level 10. HP: 91/91 MP: 10/10
  8644 | D:8      | Found a white marble altar of Elyvilon.
  8653 | D:8      | Identified the +0 robe of the Present {rF+ Int+2}
  8964 | D:8      | Found a radiant altar of Vehumet.
 10601 | D:9      | Found a shimmering altar of Xom.
 10761 | D:9      | Found a staircase to the Lair.
 11049 | D:9      | Reached ***** piety under Trog
 11072 | D:9      | Reached skill level 10 in Fighting
 11708 | D:9      | Found a basalt altar of Yredelemnul.
 11791 | D:9      | Found a staircase to the Orcish Mines.
 11858 | D:9      | Reached XP level 11. HP: 43/101 MP: 11/11
 12183 | D:9      | Found a burning altar of Makhleb.
 12223 | D:10     | Entered Level 10 of the Dungeon
 12658 | D:10     | Reached skill level 10 in Polearms
 12856 | D:10     | Found a glowing silver altar of Zin.
 12857 | D:10     | Noticed a two-headed ogre
 12865 | D:10     | Killed a two-headed ogre
 12866 | D:10     | Reached skill level 11 in Fighting
 13169 | D:10     | Found a portal to a secret trove of treasure.
 13700 | D:10     | Found a blossoming altar of Fedhas.
 14032 | D:11     | You fall into a shaft and drop 1 floor!
 14795 | D:12     | Noticed a brown ugly thing
 14802 | D:12     | Killed a brown ugly thing
 15512 | D:12     | Noticed a harpy
 15512 | D:12     | Noticed a catoblepas
 15513 | D:12     | Noticed freelancePsychic's ghost (journeyman GrBe)
 15520 | D:12     | Found a transporter.
 15545 | D:12     | Found a transporter.
 15550 | D:12     | Noticed a wolf spider
 15618 | D:12     | Reached skill level 12 in Fighting
 15704 | D:12     | Reached skill level 10 in Dodging
 15709 | D:12     | Reached XP level 12. HP: 110/112 MP: 12/12
 16232 | D:12     | Noticed a two-headed ogre
 16240 | D:12     | Killed a two-headed ogre
 16423 | D:12     | Noticed a boulder beetle
 16433 | D:12     | Killed a boulder beetle
 16591 | Lair:1   | Entered Level 1 of the Lair of Beasts
 17397 | Lair:1   | Noticed Harold
 17412 | Lair:1   | Killed Harold
 17826 | Lair:1   | Noticed a five-headed hydra
 17835 | Lair:1   | Killed a five-headed hydra
 17839 | Lair:1   | Received a gift from Trog
 17850 | Lair:1   | Reached skill level 5 in Stealth
 18103 | Lair:1   | Noticed Gastronok
 18114 | Lair:1   | Killed Gastronok
 18636 | Lair:1   | Reached skill level 13 in Fighting
 19132 | Lair:2   | Identified the ring of the Sun {rPois rF- Int+2 Dex+2
                  | Slay+4}
 19335 | Lair:2   | Found a staircase to the Shoals.
 19345 | Lair:2   | Reached XP level 13. HP: 110/122 MP: 13/13
 19605 | Lair:2   | Found a hole to the Spider Nest.
 19608 | Lair:2   | Identified the +0 leather armour "Peefuob" {Stlth+}
 19608 | Lair:2   | Identified the Almanac of Combat Magic
 22204 | Lair:4   | Reached skill level 14 in Fighting
 22349 | Lair:4   | Received a gift from Trog
 22425 | Lair:4   | Reached skill level 5 in Shields
 22888 | Lair:4   | Found a broken altar of Ashenzari.
 23793 | Lair:5   | Found a staircase to the Slime Pits.
 23809 | Lair:5   | HP: 4/186 [acid (12)]
 23811 | Lair:5   | Killed from afar by an oklob plant

Illustrated notes

Levels and vault maps discovered:
D:1:      moated_graveyard_arrival, layout_basic,
          chequers_ecumenical_altar_simple_redux, serial_bayou_pond_b,
          chequers_serial_rivers_room_a
D:2:      layout_basic, basic_altar
D:3:      layout_basic, ashenzari_altar_1, roderic_three_in_a_row,
          uniq_crazy_yiuf_cottage
D:4:      layout_cave_pods, kennysheep_little_box, minmay_temple_entry_statues,
          uniq_duvessa, uniq_pikel, uniq_edmund
D:5:      layout_basic, lemuel_coloured_pillars_altar
D:6:      layout_cave_pods, nicolae_lava_and_water, grunt_ministairs_13,
          uniq_sigmund
D:7:      layout_loops_ring, chequers_serial_rivers_room_a,
          hangedman_decor_diamond_cutter, minmay_curled_crystal
D:8:      minmay_flawed_box, layout_cave_pools, vehumet_altar_wand_db,
          elyvilon_altar_4
D:9:      layout_roguey, xom_butterflies, kennysheep_mini_moat,
          nicolae_overflow_hidden_temple, minmay_lair_entry_grove,
          kennysheep_orc_monster_closet_entryway
D:10:     layout_roguey, fedhas_bush_and_centaur_altar,
          nicolae_overflow_crystal_walls, nicolae_trove_entry_path_of_doom,
          grunt_ministairs_10, nicolae_underground_beach
D:11:     layout_loops_ring
D:12:     layout_irregular_city, gammafunk_ghost_berserking_beasts,
          gauntlet_entry_generic
Lair:1:   kb_forest_paths, layout_cave_pods, uniq_gastronok, uniq_harold
Lair:2:   beast_lair_carwin_large_1, layout_long_grid,
          minmay_shoals_entry_beasts, dummy_spider_entry, serial_bayou_pond_d,
          grunt_megastairs_2, infiniplex_staircase_pool
Lair:3:   layout_regular_city, serial_bayou, serial_bayou_shore_a,
          serial_bayou_pond_b, serial_bayou_pond_b, serial_bayou_pond_e,
          serial_bayou_pond_d, serial_bayou_ford_a, grunt_megastairs_3,
          lemuel_fruit_tree
Lair:4:   dpeg_oklob_shooting_range, layout_regular_city, basic_altar
Lair:5:   layout_concentric_octagons, minmay_slime_entry_oklob_enclosed,
          st_stairs_6

Skill      XL: |  1  2  3  4  5  6  7  8  9 10 11 12 13 |
---------------+----------------------------------------+-----
Dodging        | 3 4 5 6 7 9 10 11 12 | 12.0
Fighting       | 4 5 6 7 9 10 12 13 14 | 14.3
Polearms       | 4 5 7 8 9 11 12 13 | 13.4
Stealth        | 1 2 3 4 5 6 |  6.3
Shields        | 1 2 3 4 5 |  5.1

Action                   |  1- 3 |  4- 6 |  7- 9 | 10-12 | 13-15 || total
-------------------------+-------+-------+-------+-------+-------++-------
Melee: Spear             |   126 |   202 |    29 |       |       ||   357
       Tailslap          |    11 |    31 |    37 |   105 |    58 ||   242
       Halberd           |       |       |   280 |   608 |       ||   888
       Trident           |       |       |       |   148 |   215 ||   363
       Demon trident     |       |       |       |       |    56 ||    56
Invok: Berserk           |     2 |     5 |    13 |    19 |     3 ||    42
       Trog's Hand       |       |       |     2 |     3 |     1 ||     6
       Brothers in Arms  |       |       |       |     2 |     1 ||     3
 Abil: Breathe Fire      |       |       |     8 |    31 |     5 ||    44
  Use: Scroll            |     1 |     4 |     3 |    10 |     2 ||    20
       Potion            |       |       |       |     3 |       ||     3
 Stab: Sleeping          |     1 |     2 |     7 |     9 |     9 ||    28
       Distracted        |     1 |       |     1 |     1 |       ||     3
Armor: Skin              |    41 |    48 |    94 |   245 |    31 ||   459
Dodge: Dodged            |    72 |    98 |   174 |   492 |   130 ||   966
Block: Other             |       |    12 |    52 |   158 |    34 ||   256
       Reflection        |       |       |     1 |     4 |     1 ||     6
       Kite shield       |       |       |       |       |    14 ||    14

Table legend: (Time is in decaauts)
 A = Elapsed time spent in this place.
 B = Non-inter-level travel time spent in this place.
 C = Inter-level travel time spent in this place.
 D = Time resting spent in this place.
 E = Time spent auto-exploring this place.
 F = Levels seen in this place.
 G = Mean time per level.
                   A        B        C        D        E       F      G
               +--------+--------+--------+--------+--------+-----+--------+
         Total |  24077 |  23366 |    711 |   4780 |  15243 |  17 | 1416.3 |
       Dungeon |  16906 |  16345 |    561 |   3854 |   9955 |  12 | 1408.8 |
          Lair |   7171 |   7021 |    150 |    926 |   5287 |   5 | 1434.2 |
               +--------+--------+--------+--------+--------+-----+--------+

Top non-repeatable levels by time:
     D:8: 2546 daAuts
  Lair:1: 2158 daAuts
    D:12: 1874 daAuts
  Lair:3: 1670 daAuts
     D:4: 1663 daAuts
    D:10: 1662 daAuts
     D:5: 1539 daAuts
     D:3: 1489 daAuts
  Lair:4: 1452 daAuts
  Lair:2: 1357 daAuts
     D:9: 1276 daAuts
     D:7: 1153 daAuts
     D:1: 1055 daAuts
     D:6: 1054 daAuts
    D:11: 832 daAuts
